 Dungeon Crawl Stone Soup version 0.13.0-29-gdb529de (webtiles) character file.

644 M4edhros the Covert (level 7, -2/44 HPs)
             Began as an Octopode Artificer on Nov 12, 2013.
             Slain by a sky beast (5 damage)
             ... on Level 5 of the Dungeon.
             The game lasted 00:07:22 (3088 turns).

M4edhros the Covert (Octopode Artificer)            Turns: 3088, Time: 00:07:23

HP  -2/44        AC  1     Str 10      XL: 7   Next: 24%
MP  10/10        EV 12     Int 17      God:
Gold 115         SH  0     Dex 12      Spells:  0 memorised,  6 levels left

Res.Fire  : . . .   See Invis. : .   v - +3,+2 scythe (distort)
Res.Cold  : . . .   Warding    : .   (no shield)
Life Prot.: . . .   Conserve   : .   (helmet restricted)
Res.Poison: +       Res.Corr.  : .   (no amulet)
Res.Elec. : .       Clarity    : .   (no ring)
Sust.Abil.: . .     Spirit.Shd : .   (no ring)
Res.Mut.  : .       Stasis     : .   (no ring)
Res.Rott. : .       Flight     : .   (no ring)
Saprovore : . . .                    (no ring)
                                     (no ring)
                                     (no ring)
                                     (no ring)

@: slightly resistant to hostile enchantments, extremely stealthy
A: almost no armour, amphibious, 8 rings, constrict 8, camouflage 1, poison
resistance, AC +1
a: no special abilities


You were on level 5 of the Dungeon.
You were very hungry.

You visited 1 branch of the dungeon, and saw 5 of its levels.

You collected 167 gold pieces.
You spent 72 gold pieces at shops.

Inventory:

Hand weapons
 a - a +0,+0 short sword
 m - a +2,+1 short sword of venom
 v - a +3,+2 scythe of distortion (weapon)
 w - a +0,+0 great sword
Magical devices
 b - a wand of flame (0)
 c - a wand of enslavement (14)
 d - a wand of random effects (8)
Comestibles
 f - 4 bread rations
 k - a meat ration
 r - an apple
 u - a cheese
 B - a rotting chunk of jackal flesh
 C - a choko
Scrolls
 e - 2 scrolls of noise {unknown}
 g - a scroll of identify {unknown}
 h - a scroll of recharging
 j - a scroll of enchant weapon I {unknown}
 n - a scroll of fog {unknown}
 o - a scroll of teleportation {unknown}
 p - a scroll of enchant armour {unknown}
 s - a scroll of remove curse {unknown}
 t - 2 scrolls of curse weapon {unknown}
 x - a scroll of curse jewellery {unknown}
 y - a scroll of blinking {unknown}
 A - a scroll of enchant weapon III {unknown}
Jewellery
 i - an uncursed ring of magical power {unknown}
 l - an uncursed ring of sustain abilities {unknown}
 z - a +3 ring of strength {unknown}
Potions
 q - a potion of curing
 D - a potion of restore abilities {unknown}


   Skills:
 - Level 1.0 Fighting
 - Level 1.0 Short Blades
 * Level 3.6 Polearms
 - Level 2.0 Dodging
 - Level 9.1 Stealth
 - Level 3.2 Evocations


You had 6 spell levels left.
You didn't know any spells.

Dungeon Overview and Level Annotations

Branches:
Dungeon (5/27)
 Temple: D:4-7

Altars:

Shops:
D:4 (

Annotations:
D:5 Eustachio


Innate Abilities, Weirdness & Mutations

You cannot wear most types of armour.
You are amphibious.
You can wear up to eight rings at the same time.
You can use your tentacles to constrict many enemies at once.
Your skin changes colour to match your surroundings (Stlth).
Your rubbery body absorbs attacks (AC +1).
Your system is resistant to poisons.


Message History

The sky beast hits you. The sky beast shocks you!
Evoke which item? (* to show all) (? for menu, Esc to quit)
Zapping:
d - a wand of random effects (10)
Press: ? - help, Shift-Dir - straight line, f/p - sky beast
Aim: a sky beast (heavily wounded) Nothing appears to happen.
This wand has 9 charges left.
The sky beast hits you. The sky beast shocks you.
Evoke which item? (* to show all) (? for menu, Esc to quit)
Zapping:
d - a wand of random effects (9)
Press: ? - help, Shift-Dir - straight line, f/p - sky beast
Aim: a sky beast (heavily wounded)
The fireball explodes!
The fireball engulfs the sky beast.
The sky beast is heavily wounded.
The fireball engulfs you!
One of your 2 scrolls labeled YGUDEU PSUBAMIKU catches fire!
* * * LOW HITPOINT WARNING * * *
This wand has 8 charges left.
The sky beast hits you.
* * * LOW HITPOINT WARNING * * *
The sky beast shocks you.
You die...

.... .## . .#.#. #
#+### ....@...# ....
#.#...#.+ .....
........ ...... .....
...... ... ...... #I#
..... #@### ##+# #...#
#######'#####
#...........# ###+####
#...........###.......
#...........#.'.......
#...........'.#.......
#...........###.......
#...........# #.......


You could see Eustachio and a sky beast.

Vanquished Creatures
  A phantom (D:5)
  An ice beast (D:5)
  A centaur (D:5)
  An ogre (D:4)
  Crazy Yiuf (D:4)
  A worker ant (D:4)
  Ijyb (D:2)
  3 adders (D:5)
  An adder zombie (D:5)
  A giant eyeball (D:4)
  2 giant geckos
  4 orcs
  A bat skeleton (D:5)
  2 goblins (D:3)
  7 hobgoblins
  4 jackals (D:5)
  5 kobolds
  A quokka (D:4)
  7 bats
  3 giant cockroaches
  A giant gecko zombie (D:5)
  3 giant newts
  8 rats
  2 fungi (D:4)
62 creatures vanquished.

Vanquished Creatures (collateral kills)
  A worker ant (D:4)
1 creature vanquished.

Vanquished Creatures (others)
  A worm (D:5)
1 creature vanquished.

Grand Total: 64 creatures vanquished

Notes
Turn   | Place    | Note
--------------------------------------------------------------
     0 | D:1      | M4edhros, the Octopode Artificer, began the quest for the Orb.
     0 | D:1      | Reached XP level 1. HP: 14/14 MP: 1/1
   217 | D:1      | Reached XP level 2. HP: 5/19 MP: 3/3
   525 | D:1      | You fall through a shaft!
   722 | D:2      | Noticed Ijyb
   737 | D:2      | Killed Ijyb
   737 | D:2      | Reached skill level 4 in Stealth
   737 | D:2      | Reached XP level 3. HP: 13/24 MP: 4/4
   769 | D:2      | Gained mutation: Your system is resistant to poisons. [potion of mutation]
   769 | D:2      | Gained mutation: You are clumsy. (Dex -2) [potion of mutation]
   769 | D:2      | Lost mutation: You are clumsy. (Dex -2) [potion of mutation]
   931 | D:4      | Found Qaryud's Antique Weapon Shop.
   961 | D:4      | Reached skill level 5 in Stealth
   961 | D:4      | Reached XP level 4. HP: 4/29 MP: 6/6
  1217 | D:4      | Reached skill level 6 in Stealth
  1444 | D:4      | Noticed an ogre
  1448 | D:4      | Reached XP level 5. HP: 34/34 MP: 7/7
  1450 | D:4      | Killed an ogre
  1450 | D:4      | Reached skill level 7 in Stealth
  1711 | D:4      | Noticed Crazy Yiuf
  1719 | D:4      | Killed Crazy Yiuf
  1719 | D:4      | Reached skill level 8 in Stealth
  1777 | D:5      | Entered Level 5 of the Dungeon
  1777 | D:5      | Noticed a centaur
  1849 | D:4      | Bought a runed scythe for 72 gold pieces
  1934 | D:5      | Killed a centaur
  1934 | D:5      | Reached skill level 9 in Stealth
  1934 | D:5      | Reached XP level 6. HP: 22/39 MP: 9/9
  2061 | D:5      | Noticed a phantom
  2234 | D:5      | Noticed Eustachio
  2234 | D:5      | Noticed a sky beast
  2335 | D:5      | Killed a phantom
  2544 | D:5      | Noticed an ice beast
  2555 | D:5      | Killed an ice beast
  2555 | D:5      | Reached XP level 7. HP: 44/44 MP: 10/10
  3088 | D:5      | Slain by a sky beast

Action                   |  1- 3 |  4- 6 |  7- 9 || total
-------------------------+-------+-------+-------++-------
Melee: Short sword       |    66 |    50 |       ||   116
       Scythe            |       |    13 |    14 ||    27
Evoke: Wand              |     1 |    16 |     6 ||    23
  Use: Potion            |     4 |     5 |       ||     9
 Stab: Sleeping          |     6 |    11 |     2 ||    19
       Distracted        |       |     1 |       ||     1
